 Dungeon Crawl Stone Soup version 0.31.0-32-g396128a36d (webtiles) character file.

Game seed: 16804979665426884461

4 spaghetti the Caller (level 1, 0/16 HPs)
             Began as an Oni Summoner on Mar 9, 2024.
             Slain by a quokka (2 damage)
             ... on level 1 of the Dungeon.
             The game lasted 00:00:33 (196 turns).

spaghetti the Caller (Oni Summoner)                  Turns: 196, Time: 00:00:34

Health: 0/16       AC:  3    Str: 11    XL:     1   Next: 70%
Magic:  2/4        EV:  9    Int: 16    God:
Gold:   0          SH:  0    Dex:  9    Spells: 4/5 levels left

rFire   . . .        (no weapon)
rCold   . . .        (no shield)
rNeg    . . .        a - +0 robe
rPois   .            (helmet restricted)
rElec   .            (no cloak)
rCorr   .            (gloves unavailable)
SInv    .            (boots unavailable)
Will    .....        (no amulet)
Stlth   +            (no ring)
HPRegen 0.22/turn    (no ring)
MPRegen 0.09/turn

%: no passive effects
@: very slightly contaminated
A: large, unfitting armour, horns 1, tough skin 1, double potion healing,
drunken brawling
a: no special abilities


You were on level 1 of the Dungeon.
You visited 1 branch of the dungeon, and saw 1 of its levels.

Inventory:

Armour
 a - a +0 robe (worn)
Jewellery
 d - a +5 ring of evasion
Scrolls
 c - a scroll of identify {unknown}


   Skills:
 - Level 1.7 Dodging
 - Level 1.4 Stealth
 + Level 2.6 Spellcasting
 + Level 3.7 Summonings


You had 4 spell levels left.
You knew the following spells:

 Your Spells              Type           Power      Damage    Failure   Level
a - Summon Small Mammal   Summ           56%        N/A       4%          1

Your spell library contained the following spells:

 Spells                   Type           Power      Damage    Failure   Level
 Call Imp                 Summ           28%        N/A       6%          2
 Call Canine Familiar     Summ           14%        N/A       12%         3
 Summon Blazeheart Golem  Fire/Summ      8%         N/A       65%         4
 Summon Lightning Spire   Summ/Air       8%         N/A       65%         4


Dungeon Overview and Level Annotations

Branches:
Dungeon (1/15)

Altars:


Innate Abilities, Weirdness & Mutations

You are too large for most types of armour.
You have a pair of small horns on your head.
You have tough skin. (AC +1)
You gain doubled healing and magic from potions.
Whenever you drink a healing potion, you attack all around you.


Message History

Confirm with . or Enter, or press ? or * to list all spells.
You miscast Summon Small Mammal.
You are very lightly contaminated with residual magic.
Nothing appears to happen.
Casting: Summon Small Mammal (safe; 4% risk of failure)
Confirm with . or Enter, or press ? or * to list all spells.
You don't have enough magic to cast this spell.
Magic courses through your body.
Casting: Summon Small Mammal (safe; 4% risk of failure)
Confirm with . or Enter, or press ? or * to list all spells.
You miscast Summon Small Mammal.
Nothing appears to happen.
The kobold barely misses you.
Casting: Summon Small Mammal (safe; 4% risk of failure)
Confirm with . or Enter, or press ? or * to list all spells.
The kobold hits you but does no damage.
You hit the kobold but do no damage.
The quokka twitches its whiskers.
The kobold hits you with a +0 short sword.
You barely miss the kobold.
The kobold hits you with a +0 short sword.
Your rat barely misses the kobold.
You hit the kobold. Your headbutt misses the kobold.
The kobold is moderately wounded.
The kobold hits you but does no damage.
Your rat bites the kobold.
The kobold dies!
Casting: Summon Small Mammal (safe; 4% risk of failure)
Confirm with . or Enter, or press ? or * to list all spells.
Your rat closely misses the quokka.
You hit the quokka.
The quokka is lightly wounded.
The quokka closely misses you.
Your rat bites the quokka.
You hit the quokka.
The quokka is almost dead.
The quokka bites you. x2
* * * LOW HITPOINT WARNING * * *
Your rat misses the quokka. You closely miss the quokka.
The quokka is almost dead.
The quokka bites you.
You die...

######### .....rr@#
#######r#######
...............
##^####.####### #.#
..#.####.###########
..(..........K......
..#.####.################
###.................


You could see a quokka (ally target) and 2 friendly rats.

Vanquished Creatures (collateral kills)
  A dart slug (D:1)
  A bat (D:1)
  A frilled lizard (D:1)
  A kobold (D:1)
4 creatures vanquished.

Notes
Turn   | Place    | Note
-------+----------+-------------------------------------------
     0 | D:1      | spaghetti the Oni Summoner began the quest for the Orb.
     0 | D:1      | Reached XP level 1. HP: 16/16 MP: 3/3
   196 | D:1      | Slain by a quokka

Illustrated notes

Levels and vault maps discovered:
D:1:      dpeg_arrival_snail, layout_basic

Action                     || total
---------------------------++-------
  Melee: Unarmed           ||     8
   Cast: Summon Small Mamm ||    12
    Use: Potion            ||     1
 Armour: Robe              ||    11
  Dodge: Dodged            ||     4
